 Dungeon Crawl Stone Soup version 0.21.1-1-g345015f (webtiles) character file.

170 tidbits the Insei (level 5, -3/47 HPs)
             Began as a Gnoll Monk on Feb 19, 2018.
             Was a Believer of Cheibriados.
             Slain by Duvessa
             ... wielding a +0 short sword of draining
              (11 damage)
             ... on level 4 of the Dungeon.
             The game lasted 00:03:50 (320 turns).

tidbits the Insei (Gnoll Monk)                       Turns: 320, Time: 00:03:51

Health: -3/47      AC:  2    Str: 18    XL:     5   Next: 51%
Magic:  7/7        EV: 15    Int: 17    God:    Cheibriados [**....]
Gold:   54         SH:  0    Dex: 21    Spells: 6/6 levels left

rFire    . . .     SeeInvis .   a - +2 dagger (elec)
rCold    . . .     Gourm    .   (no shield)
rNeg     . . .     Faith    .   i - +0 robe
rPois    .         Spirit   .   (no helmet)
rElec    .         Reflect  .   (no cloak)
rCorr    .         Harm     .   (no gloves)
MR       .....                  (no boots)
Stlth    +.........             (no amulet)
HPRegen  0.15/turn              (no ring)
MPRegen  0.10/turn              (no ring)

@: glowing, heavily drained, very slow
A: distributed training, fangs 1, strong nose
a: Bend Time, Renounce Religion


You were on level 4 of the Dungeon.
You worshipped Cheibriados.
Cheibriados was pleased with you.
You were not hungry.

You visited 1 branch of the dungeon, and saw 4 of its levels.

You collected 54 gold pieces.

Inventory:

Hand Weapons
 a - a +2 dagger of electrocution (weapon)
   (You took it off a goblin on level 1 of the Dungeon)
 b - a +2 short sword of draining
   (You found it on level 1 of the Dungeon)
 d - a +0 hunting sling
 e - a +4 rapier of venom
   (You took it off Eustachio on level 4 of the Dungeon)
Missiles
 n - 56 stones (quivered)
Armour
 i - a +0 robe (worn)
Wands
 o - a wand of polymorph (10)
Scrolls
 j - a scroll of teleportation {unknown}
 k - a scroll of fog
 l - a scroll of random uselessness
 r - 2 scrolls of remove curse
Potions
 h - a potion of heal wounds {unknown}
 m - a potion of curing {unknown}
Comestibles
 c - 4 rations


   Skills:
 + Level 6.7(4.6) Fighting
 + Level 1.4(0.0) Short Blades
 + Level 1.4(0.0) Long Blades
 + Level 1.4(0.0) Axes
 + Level 1.4(0.0) Maces & Flails
 + Level 1.4(0.0) Polearms
 + Level 1.4(0.0) Staves
 + Level 1.4(0.0) Slings
 + Level 1.4(0.0) Bows
 + Level 1.4(0.0) Crossbows
 + Level 1.4(0.0) Throwing
 + Level 1.4(0.0) Armour
 + Level 6.7(4.6) Dodging
 + Level 4.4(2.5) Stealth
 + Level 1.4(0.0) Shields
 + Level 6.7(4.6) Unarmed Combat
 + Level 1.4(0.0) Spellcasting
 + Level 1.1(0.0) Conjurations
 + Level 1.1(0.0) Hexes
 + Level 1.1(0.0) Charms
 + Level 1.1(0.0) Summonings
 + Level 1.1(0.0) Necromancy
 + Level 1.1(0.0) Translocations
 + Level 1.1(0.0) Transmutations
 + Level 1.1(0.0) Fire Magic
 + Level 1.1(0.0) Ice Magic
 + Level 1.1(0.0) Air Magic
 + Level 1.1(0.0) Earth Magic
 + Level 1.1(0.0) Poison Magic
 + Level 1.6(0.0) Invocations
 + Level 1.4(0.0) Evocations


You had 6 spell levels left.
You didn't know any spells.

Dungeon Overview and Level Annotations

Branches:
Dungeon (4/15)
 Temple: D:4-7

Altars:
Cheibriados

Annotations:
D:4 Dowan, Duvessa


Innate Abilities, Weirdness & Mutations

Your experience applies equally to all skills.
You have very sharp teeth.
Your uncanny sense of smell can sniff out nearby items.


Message History

Found a ration.
Found a snail-covered altar of Cheibriados.
There is an open door here.
Unknown command.
You hit the frilled lizard.
Lightning courses through the frilled lizard!
You kill the frilled lizard!
You see here a ration.
c - 4 rations (gained 1)
There is a snail-covered altar of Cheibriados here.
You kneel at the altar of Cheibriados.
Cheibriados welcomes you!
Cheibriados slows and strengthens your metabolism.
Cheibriados raises the support of your attributes as your movement slows. x3
Cheibriados begins to support your attributes as your movement slows.
You can now bend time to slow others.
As you read the scroll labeled YNACROFIWI, it crumbles to dust.
You feel blessed for a moment.
It was a scroll of remove curse.
Adjust (i)tems, (s)pells, or (a)bilities?
Adjust which item? (? for menu, Esc to quit)
You don't have any such object.
Adjust which item? (? for menu, Esc to quit)
Okay, then.
Unknown command.
Press < or > to pray at altars.
Adjust (i)tems, (s)pells, or (a)bilities?
Adjust which item? (? for menu, Esc to quit)
f - 2 scrolls of remove curse Adjust to which letter? (? for menu, Esc to quit)
r - 2 scrolls of remove curse
As you read the scroll labeled ICYCWE ZAHEZ, it crumbles to dust.
It is a scroll of identify.
l - a scroll of random uselessness
As you read the scroll of identify, it crumbles to dust.
k - a scroll of fog You open the door.
There is an open door here.
Duvessa and Dowan come into view.
Duvessa is wielding a short sword of draining.
An ooze comes into view.
Duvessa shouts!
Dowan shouts!
The ooze quivers.
Dowan gestures at you while chanting.
You are outlined in light.
That item cannot be evoked!
Unknown command.
Okay, then.
Dowan gestures at Duvessa while chanting.
Duvessa seems to speed up.
There is an open door here.
Duvessa completely misses you.
You hit Duvessa. Your bite misses Duvessa.
Duvessa is lightly wounded.
Duvessa hits you with a short sword of draining.
You feel drained.
You hit Duvessa but do no damage. Lightning courses through Duvessa!
Duvessa is heavily wounded.
Duvessa barely misses you. Duvessa hits you but does no damage.
You feel drained.
You hit Duvessa but do no damage.
Duvessa is heavily wounded.
Duvessa hits you with a short sword of draining!
You feel drained.
You barely miss Duvessa. You bite Duvessa, but do no damage.
Duvessa is heavily wounded.
Duvessa hits you with a short sword of draining.
* * * LOW HITPOINT WARNING * * *
You feel drained.
You hit Duvessa.
Duvessa is heavily wounded.
Duvessa barely misses you.
You hit Duvessa but do no damage. You bite Duvessa, but do no damage.
Duvessa is heavily wounded.
Duvessa closely misses you. Dowan hits you with a dagger.
* * * LOW HITPOINT WARNING * * *
You hit Duvessa but do no damage.
Duvessa is heavily wounded.
Duvessa misses you. Dowan misses you. Duvessa hits you but does no damage.
You feel drained.
You hit Duvessa but do no damage. Lightning courses through Duvessa!
Duvessa is almost dead.
Duvessa hits you with a short sword of draining.
* * * LOW HITPOINT WARNING * * *
You feel drained.
* * * LOW HITPOINT WARNING * * *
Dowan hits you but does no damage.
You hit Duvessa but do no damage. Your punch misses Duvessa.
You bite Duvessa, but do no damage.
Duvessa is almost dead.
Duvessa hits you with a short sword of draining!
* * * LOW HITPOINT WARNING * * *
You feel drained.
* * * LOW HITPOINT WARNING * * *
Dowan hits you with a dagger.
* * * LOW HITPOINT WARNING * * *
Duvessa barely misses you.
You hit Duvessa but do no damage. You bite Duvessa.
Duvessa is almost dead.
Duvessa hits you with a short sword of draining!
You die...

..##. ..# #.... ##.J#
#...## #....## ###....##
...J..# ##.......#######
......# .........#...e@#
..e...#
.........#.≈.≈e###......#
.........'.._.J'..e......
..###...#.≈.≈.#.........
#...#.....#.........
#...#######.........
#........#####......
#.........# .....#
#.......### ....##


You could see Duvessa, Dowan and an ooze.

Vanquished Creatures
  Eustachio (D:4)
  A worm (D:4)
  A dart slug (D:3)
  A giant cockroach (D:4)
  4 goblins (D:1)
  3 hobgoblins (D:1)
  A kobold (D:1)
  A quokka (D:3)
  2 bats (D:1)
  A frilled lizard (D:4)
  4 rats
20 creatures vanquished.

Notes
Turn   | Place    | Note
-------+----------+-------------------------------------------
     0 | D:1      | tidbits the Gnoll Monk began the quest for the Orb.
     0 | D:1      | Reached XP level 1. HP: 23/23 MP: 1/1
    74 | D:1      | Reached XP level 2. HP: 26/29 MP: 2/2
   236 | D:4      | Noticed Eustachio
   244 | D:4      | Killed Eustachio
   244 | D:4      | Reached skill level 1 in Short Blades
   244 | D:4      | Reached skill level 1 in Long Blades
   244 | D:4      | Reached skill level 1 in Axes
   244 | D:4      | Reached skill level 1 in Maces & Flails
   244 | D:4      | Reached skill level 1 in Polearms
   244 | D:4      | Reached skill level 1 in Staves
   244 | D:4      | Reached skill level 1 in Slings
   244 | D:4      | Reached skill level 1 in Bows
   244 | D:4      | Reached skill level 1 in Crossbows
   244 | D:4      | Reached skill level 1 in Throwing
   244 | D:4      | Reached skill level 1 in Armour
   244 | D:4      | Reached skill level 1 in Shields
   244 | D:4      | Reached skill level 1 in Spellcasting
   244 | D:4      | Reached skill level 1 in Conjurations
   244 | D:4      | Reached skill level 1 in Hexes
   244 | D:4      | Reached skill level 1 in Charms
   244 | D:4      | Reached skill level 1 in Summonings
   244 | D:4      | Reached skill level 1 in Necromancy
   244 | D:4      | Reached skill level 1 in Translocations
   244 | D:4      | Reached skill level 1 in Transmutations
   244 | D:4      | Reached skill level 1 in Fire Magic
   244 | D:4      | Reached skill level 1 in Ice Magic
   244 | D:4      | Reached skill level 1 in Air Magic
   244 | D:4      | Reached skill level 1 in Earth Magic
   244 | D:4      | Reached skill level 1 in Poison Magic
   244 | D:4      | Reached skill level 1 in Invocations
   244 | D:4      | Reached skill level 1 in Evocations
   244 | D:4      | Reached XP level 3. HP: 35/35 MP: 2/5
   244 | D:4      | Reached XP level 4. HP: 41/41 MP: 2/6
   244 | D:4      | Reached XP level 5. HP: 47/47 MP: 2/7
   289 | D:4      | Found a snail-covered altar of Cheibriados.
   297 | D:4      | Became a worshipper of Cheibriados the Contemplative
   297 | D:4      | Reached * piety under Cheibriados
   297 | D:4      | Reached ** piety under Cheibriados
   305 | D:4      | Noticed Duvessa
   305 | D:4      | Noticed Dowan
   320 | D:4      | Slain by Duvessa

Skill      XL: |  1  2 |
---------------+-------+-----
Short Blades   | 1 |  1.4
Long Blades    | 1 |  1.4
Axes           | 1 |  1.4
Maces & Flails | 1 |  1.4
Polearms       | 1 |  1.4
Staves         | 1 |  1.4
Slings         | 1 |  1.4
Bows           | 1 |  1.4
Crossbows      | 1 |  1.4
Throwing       | 1 |  1.4
Armour         | 1 |  1.4
Shields        | 1 |  1.4
Spellcasting   | 1 |  1.4
Conjurations   | 1 |  1.1
Hexes          | 1 |  1.1
Charms         | 1 |  1.1
Summonings     | 1 |  1.1
Necromancy     | 1 |  1.1
Translocations | 1 |  1.1
Transmutations | 1 |  1.1
Fire Magic     | 1 |  1.1
Ice Magic      | 1 |  1.1
Air Magic      | 1 |  1.1
Earth Magic    | 1 |  1.1
Poison Magic   | 1 |  1.1
Invocations    | 1 |  1.6
Evocations     | 1 |  1.4
Fighting       | |  6.7
Dodging        | |  6.7
Stealth        | |  4.4
Unarmed Combat | |  6.7

Action                   |  1- 3 |  4- 6 || total
-------------------------+-------+-------++-------
Melee: Short sword       |    19 |       ||    19
       Bite              |     3 |     5 ||     8
       Dagger            |     8 |    14 ||    22
       Unarmed           |     5 |     3 ||     8
Throw: Stone             |       |     1 ||     1
  Use: Potion            |     1 |       ||     1
       Scroll            |       |     3 ||     3
 Stab: Sleeping          |     6 |       ||     6
Armor: Robe              |     2 |     2 ||     4
       Skin              |     2 |     1 ||     3
Dodge: Dodged            |    11 |     9 ||    20

Table legend:
 A = Turns spent in this place as a percentage of turns spent in the entire game.
 B = Non-inter-level travel turns spent in this place as a percentage of non-inter-level travel turns spent in the entire game.
 C = Inter-level travel turns spent in this place as a percentage of turns spent in this place.
 D = Turns resting spent in this place as a percentage of non-inter-level travel turns spent in this place.
 E = Turns spent auto-exploring this place as a percentage of non-inter-level travel turns spent in this place.
 F = Non-inter-level travel turns spent in this place divided by the number of levels of this place that you've seen.
                   A       B       C       D       E      F
               +-------+-------+-------+-------+-------+----------------------
         Total | 100.0 | 100.0 |   0.0 |   0.0 |   0.0 |  80.0
       Dungeon | 100.0 | 100.0 |   0.0 |   0.0 |   0.0 |  80.0
               +-------+-------+-------+-------+-------+----------------------

Table legend:
 A = Kills in this place as a percentage of kills in entire the game.
 B = Kills by you in this place as a percentage of kills by you in the entire game.
 C = Kills by friends in this place as a percentage of kills by friends in the entire game.
 D = Other kills in this place as a percentage of other kills in the entire game.
 E = Experience gained in this place as a percentage of experience gained in the entire game.
 F = Experience gained in this place divided by the number of levels of this place that you have seen.
                   A       B       C       D       E      F
               +-------+-------+-------+-------+-------+----------------------
         Total | 100.0 | 100.0 |   N/A |   N/A | 100.0 |  61.0
       Dungeon | 100.0 | 100.0 |   N/A |   N/A | 100.0 |  61.0
               +-------+-------+-------+-------+-------+----------------------

Vault maps used:
D:1:      dpeg_arrival_houses_and_road, minmay_hexomino_p4
D:2:      minmay_box_of_dots
D:3:      uniq_terence, uniq_ijyb
D:4:      kennysheep_little_box, bloody_makhleb, minmay_misc_feat_chi,
          uniq_edmund, uniq_eustachio, uniq_robin, uniq_duvessa
